 Dungeon Crawl Stone Soup version 0.21-a0-216-g6d3fd91 (webtiles) character file.

13 suicidejoker the Insei (level 2, -3/21 HPs)
             Began as a Gnoll Transmuter on Aug 23, 2017.
             Slain by an ooze (5 damage)
             ... on level 1 of the Dungeon.
             The game lasted 00:01:12 (317 turns).

suicidejoker the Insei (Gnoll Transmuter)            Turns: 317, Time: 00:01:12

Health: -3/21      AC:  2    Str:  7    XL:     2   Next: 37%
Magic:  4/6        EV: 12    Int:  7    God:
Gold:   0          SH:  0    Dex:  7    Spells: 6/7 levels left

rFire    . . .     SeeInvis .     - Unarmed
rCold    . . .     Gourm    .   (no shield)
rNeg     . . .     Faith    .   b - +0 robe
rPois    .         Spirit   .   (no helmet)
rElec    .         Reflect  .   (no cloak)
rCorr    .         Harm     .   (no gloves)
MR       .....                  (boots currently unavailable)
Stlth    +.........             (no amulet)
HPRegen  0.07/turn              (no ring)
MPRegen  0.10/turn              (no ring)

@: appendage, very slightly contaminated
A: unchanging attributes, fangs 1, talons 3, strong nose
a: End Transformation


You were on level 1 of the Dungeon.
You were not hungry.
You had grown temporary talons.
You visited 1 branch of the dungeon, and saw 1 of its levels.

Inventory:

Missiles
 a - 12 arrows
Armour
 b - a +0 robe (worn)
Scrolls
 e - 2 scrolls of remove curse {unknown}
Books
 c - a book of Changes

   Spells                             Type                      Level
   a - Beastly Appendage              Transmutation                1
   b - Sticks to Snakes               Transmutation                2
   c - Spider Form                    Transmutation/Poison         3
   d - Ice Form                       Ice/Transmutation            4
   e - Blade Hands                    Transmutation                5
Comestibles
 d - a bread ration


   Skills:
 + Level 1.3 Fighting
 + Level 2.6 Dodging
 + Level 4.5 Unarmed Combat
 + Level 3.2 Spellcasting
 + Level 3.1 Transmutations


You had 6 spell levels left.
You knew the following spells:

 Your Spells              Type           Power        Failure   Level  Hunger
a - Beastly Appendage     Tmut           #.....       10%         1    ##.....


Dungeon Overview and Level Annotations

Branches:
Dungeon (1/15)

Altars:


Innate Abilities, Weirdness & Mutations

Your physical attributes are unchanging.
You have very sharp teeth.
Your uncanny sense of smell can sniff out nearby items.
You have claws for feet.


Message History

You kill the kobold!
An ooze comes into view.
Things that are here:
a stone; 4 gold pieces The ooze misses you.
You hit the ooze.
The ooze is lightly wounded.
Your horns disappear.
The ooze hits you.
* * * LOW HITPOINT WARNING * * *
You hit the ooze.
The ooze is moderately wounded.
The ooze hits you.
* * * LOW HITPOINT WARNING * * *
Okay, then.
You aren't carrying any potions.
Casting: Beastly Appendage
Confirm with . or Enter, or press ? or * to list all spells.
Your feet morph into talons.
The ooze hits you.
You die...

#. #.# ##. .########.#
#.. ........#.#
#..#####.######.#.####
###....∆.. #......#
#.....# #.########...#.#
#.#.#.###.##.......#.#.#
##.#..(..#.##.#####......
#.......@J.##.### ####...
#........#..(...# #...
#.......[.......# ##..
#........#......# #..
#.......##......# #.#
#...(...##......# #.#
#.....()...###### #.#
####.####### ..# ... ∆ ##


You could see an ooze.

Vanquished Creatures
  A dart slug (D:1)
  A ball python (D:1)
  A bat (D:1)
  A giant cockroach (D:1)
  2 goblins (D:1)
  A hobgoblin (D:1)
  A kobold (D:1)
  A frilled lizard (D:1)
9 creatures vanquished.

Notes
Turn   | Place    | Note
-------+----------+-------------------------------------------
     0 | D:1      | suicidejoker the Gnoll Transmuter began the quest for the Orb.
     0 | D:1      | Reached XP level 1. HP: 15/15 MP: 4/4
   207 | D:1      | Reached XP level 2. HP: 20/21 MP: 6/6
   317 | D:1      | Slain by an ooze

Vault maps used:
D:1:      sevenhm_arrival_forest_fort_large_4

Skill      XL: |  1 |
---------------+----+-----
Transmutations | 3 |  3.1
Fighting       | |  1.3
Dodging        | |  2.6
Unarmed Combat | |  4.5
Spellcasting   | |  3.2

Action                   || total
-------------------------++-------
Melee: Unarmed           ||    42
       Headbutt          ||     2
 Cast: Beastly Appendage ||     4
Armor: Robe              ||    13
Dodge: Dodged            ||    41

Table legend:
 A = Spawn XP
 B = Non-spawn XP
 C = Spawn XP percentage of total XP
 D = Spawn monster count
 E = Non-spawn monster count
 F = Spawn count percentage of total count
 G = Total turns spent on level
                    A         B        C        D         E        F      G
               +---------+---------+-------+---------+---------+-------+---------
         Total |       2 |      17 |  10.5 |       1 |       8 |  11.1 |   317
               +---------+---------+-------+---------+---------+-------+---------
           D:1 |       2 |      17 |  10.5 |       1 |       8 |  11.1 |   317
               +---------+---------+-------+---------+---------+-------+---------
